 Dungeon Crawl Stone Soup version 0.16.1-11-g651b585 (webtiles) character file.

63 maniek23 the Insei (level 4, -7/22 HPs)
             Began as a Vine Stalker Transmuter on Apr 3, 2015.
             Was an Initiate of Elyvilon.
             Killed from afar by Sigmund (9 damage)
             ... with a magic dart
             ... on level 3 of the Dungeon.
             The game lasted 00:04:46 (1476 turns).

maniek23 the Insei (Vine Stalker Transmuter)        Turns: 1476, Time: 00:04:47

Health: -7/22      AC:  4    Str: 13    XL:     4   Next: 10%
Magic:  0/9        EV: 12    Int: 13    God:    Elyvilon [......]
Gold:   45         SH:  0    Dex: 15    Spells: 3 memorised, 2 levels left

rFire  + . .     SeeInvis .       - Unarmed
rCold  x . .     Clarity  .     j - +0 leather armour (curse)
rNeg   . . .     SustAb   .     (no shield)
rPois  .         Gourm    .     (no helmet)
rElec  .         Spirit   +     (no cloak)
rCorr  .         Warding  .     (no gloves)
rMut   .         Stasis   .     m - +0 pair of boots
MR     .....                    (no amulet)
Stlth  +.........               p - ring of teleport control
                                e - ring of fire

@: not resistant to hostile enchantments, very unstealthy
A: fangs 2, regeneration 1, magic shield, antimagic bite, no device heal 3, rot
immunity
a: Renounce Religion, Evoke Teleport Control


You were on level 3 of the Dungeon.
You worshipped Elyvilon.
Elyvilon was noncommittal.
You were not hungry.

You visited 1 branch of the dungeon, and saw 3 of its levels.

You collected 45 gold pieces.

Inventory:

Missiles
 b - 63 arrows
Armour
 c - a +0 robe
 i - a +0 helmet
 j - a cursed +0 leather armour (worn)
 m - a +0 pair of boots (worn)
Jewellery
 e - a ring of fire (left hand)
 p - a ring of teleport control (right hand)
Magical devices
 k - a wand of random effects (23)
Scrolls
 g - 2 scrolls of recharging {unknown}
 h - a scroll of immolation {unknown}
 n - 3 scrolls of enchant weapon {unknown}
 o - a scroll of fear {unknown}
 r - a scroll of teleportation {unknown}
Potions
 l - a potion of restore abilities {unknown}
 q - a potion of agility {unknown}
Books
 d - a book of Changes

   Spells                             Type                      Level
   a - Beastly Appendage              Transmutation                1
   b - Sticks to Snakes               Transmutation                2
   c - Spider Form                    Transmutation/Poison         3
   d - Ice Form                       Ice/Transmutation            4
   e - Blade Hands                    Transmutation                5
Comestibles
 a - 3 bread rations
 f - 3 chunks of flesh


   Skills:
 + Level 1.0 Fighting
 + Level 0.1 Armour
 + Level 2.1 Dodging
 + Level 0.6 Stealth
 * Level 3.8 Unarmed Combat
 * Level 2.6 Spellcasting
 * Level 2.3 Transmutations


You had 2 spell levels left.
You knew the following spells:

 Your Spells              Type           Power        Failure   Level  Hunger
a - Beastly Appendage     Trmt           #.....       12%         1    #......
b - Sticks to Snakes      Trmt           #.........   17%         2    ###....
c - Spider Form           Trmt/Pois      #.........   67%         3    ###....


Dungeon Overview and Level Annotations

Branches:
Dungeon (3/15)

Altars:
Dithmenos
Elyvilon
Ru

Annotations:
D:3 Sigmund


Innate Abilities, Weirdness & Mutations

You have extremely sharp teeth.
Your natural rate of healing is unusually fast.
When hurt, damage is shared between your health and your magic reserves.
Your bite disrupts and absorbs the magic of your enemies.
Potions and wands cannot restore your health.
You are immune to rotting.


Message History

The bat barely misses you. Something hits you.
You miss the bat.
Your transformation is almost over.
The bat hits you but does no damage. x2
You closely miss the bat. The bat hits you but does no damage.
Something hits you but does no damage. The bat closely misses you.
The bat barely misses you. Something hits you!
* * * LOW HITPOINT WARNING * * *
The bat closely misses you. The bat hits you but does no damage.
A giant cockroach comes into view.
The bat barely misses you. The bat hits you. x2
* * * LOW HITPOINT WARNING * * *
The bat hits you but does no damage. The bat hits you. The bat misses you.
The bat hits you but does no damage.
Your horns disappear.
The bat hits you but does no damage. The bat barely misses you.
The magic dart hits you!
You die...

#.# #######.# ##..
........# ............#
..########.)#######
#.##................
#.##.........######
#.##...(...........
#.s.......(...#####
##.##..@...(....##
#..##..b...(.....#
#.###....(.(...(##
##.####.##########...##
#............# #<.##
.#.####.....# ##.#
#.....#######.##
####.....[....)...######
.........###.##.........


You could see a giant cockroach and a bat.

Vanquished Creatures
  2 adders (D:2)
  4 giant geckos
  2 giant cockroaches
  7 hobgoblins
  5 bats
  2 giant newts
  5 goblins
  8 kobolds
  6 rats
41 creatures vanquished.

Notes
Turn   | Place    | Note
--------------------------------------------------------------
     0 | D:1      | maniek23, the Vine Stalker Transmuter, began the quest for the Orb.
     0 | D:1      | Reached XP level 1. HP: 9/9 MP: 3/3
   158 | D:1      | Reached skill level 1 in Fighting
   158 | D:1      | Reached XP level 2. HP: 8/14 MP: 5/5
   681 | D:2      | Reached XP level 3. HP: 18/18 MP: 5/7
   689 | D:2      | Learned a level 2 spell: Sticks to Snakes
   693 | D:2      | Learned a level 3 spell: Spider Form
   693 | D:2      | Found a sacrificial altar of Ru.
   796 | D:2      | Found a shadowy altar of Dithmenos.
   936 | D:2      | Found a white marble altar of Elyvilon.
  1010 | D:2      | Became a worshipper of Elyvilon the Healer
  1276 | D:2      | Reached XP level 4. HP: 22/22 MP: 9/9
  1426 | D:3      | Noticed Sigmund
  1468 | D:3      | HP: 1/22 [something (9)]
  1476 | D:3      | Killed from afar by Sigmund

Action                   |  1- 3 |  4- 6 || total
-------------------------+-------+-------++-------
Melee: Unarmed           |   120 |    18 ||   138
 Cast: Beastly Appendage |     2 |     1 ||     3
 Stab: Sleeping          |     1 |       ||     1
  Eat: Chunk             |     1 |     1 ||     2
